 Dungeon Crawl Stone Soup version 0.27-a0-1312-g5cdb2b3542 (webtiles) character file.

Game seed: 17703398445343718750

49 spiderkeys the Skirmisher (level 3, -1/26 HPs)
             Began as an Octopode Abyssal Knight on June 20, 2021.
             Was a Follower of Lugonu.
             Slain by Terence (8 damage)
             ... on level 2 of the Dungeon.
             The game lasted 00:01:49 (908 turns).

spiderkeys the Skirmisher (Octopode Abyssal Knight)  Turns: 908, Time: 00:01:49

Health: -1/26      AC:  1    Str: 18    XL:     3   Next: 77%
Magic:  5/5        EV: 13    Int: 14    God:    Lugonu [*.....]
Gold:   115        SH:  0    Dex: 11    Spells: 2/2 levels left

rFire    . . .     SeeInvis .   a - +2 spear
rCold    . . .     Faith    .   (no shield)
rNeg     . . .     Spirit   .   (helmet restricted)
rPois    .         Reflect  .   (no amulet)
rElec    .         Harm     .   S - +6 ring of strength
rCorr    .         Rampage  .   h - ring of willpower
Will     +....                  (no ring)
Stlth    ++........             (no ring)
HPRegen  0.08/turn              (no ring)
MPRegen  0.09/turn              (no ring)
                                (no ring)
                                (no ring)

@: no status effects
A: almost no armour, amphibious, 8 rings, camouflage 1, gelatinous body 1,
(nimble swimmer 1), tentacles
a: Renounce Religion, Depart the Abyss


You were on level 2 of the Dungeon.
You worshipped Lugonu.
Lugonu was aware of your devotion.
You visited 1 branch of the dungeon, and saw 2 of its levels.
You visited the Abyss 1 time.

You collected 115 gold pieces.


Innate Abilities, Weirdness & Mutations

You cannot wear most types of armour.
You are amphibious.
You can wear up to eight rings at the same time.
Your skin changes colour to match your surroundings (Stealth+).
Your rubbery body absorbs attacks. (AC +1, EV +1)
((You are camouflaged near water. (Stealth+)))
You have tentacles for arms and can constrict up to eight enemies at once.


   Skills:
 + Level 3.4 Fighting
 + Level 2.5 Polearms
 + Level 2.9 Dodging
 + Level 2.7 Invocations


You had 2 spell levels left.
You didn't know any spells.
Your spell library was empty.

Inventory:

Hand Weapons
 a - a +2 spear (weapon)
Missiles
 c - 53 stones
 i - 20 sling bullets
Jewellery
 h - a ring of willpower (right tentacle)
   (You found it on level 1 of the Dungeon)
 S - a +6 ring of strength (left tentacle)
   (You found it on level 2 of the Abyss)
Potions
 b - a potion of curing {unknown}
 d - a potion of degeneration {unknown}
 e - 2 potions of flight {unknown}

Dungeon Overview and Level Annotations

Branches:
Dungeon (2/15)

Altars:

Annotations:
D:2 Terence

.( #. #( #(# #..
#(#################
#.@.........<...... #.@#
#########.###. #..# #.#
#< #.####..# #.# ##
#.......# #.# #.######.##
#.# #........# #.#
########.########## #.#
.................###.####
#############.#.........#


You could see Terence.


Message History

Key pressed, stopping explore.
Found a stone staircase leading down. 😎 MP[+1]
Your mp is fully restored (5).
A ball python comes into view.
A ball python is nearby!
A ball python is nearby!
A frilled lizard comes into view.
The ball python hisses angrily.
You completely miss the ball python. You grab the ball python.
You squeeze the ball python.
You kill the ball python!
Lugonu accepts your kill.
You reach to attack!
The helpless frilled lizard fails to defend itself.
You hit the frilled lizard.
You kill the frilled lizard!
Lugonu accepts your kill.
No target in view!
No target in view!
Done exploring.
Done exploring.
Done exploring.
There is a stone staircase leading down here.
You climb downwards.
There is a stone staircase leading up here.
As you read the scroll labelled HUGACUM YFEICS, it crumbles to dust.
You feel strangely unstable.
It was a scroll of teleportation.
As you read the scroll labelled ISEPRE LIFEJA, it crumbles to dust.
It is a scroll of enchant weapon.
Your +1 spear glows red for a moment.
You climb upwards.
There is a stone staircase leading down here.
Your surroundings suddenly seem different.
There is a stone staircase leading down here.
As you read the scroll labelled XOEN RIOG LITO, it crumbles to dust.
You speak a Word of immense power!
It was a scroll of holy word.
You climb downwards.
There is a stone staircase leading up here.
Found a stone staircase leading down.
You now have 105 gold pieces (gained 6).
You now have 115 gold pieces (gained 10).
You see here a +0 leather armour.
e - 2 blue potions A bat comes into view.
You reach to attack!
The helpless bat fails to defend itself.
You hit the bat.
You kill the bat!
Lugonu accepts your kill.
No target in view!
No target in view!
Terence the Incautious comes into view.
He is wielding a +0 mace.
Throw: 58 stones
Press: ? - help, Shift-Dir - straight line, f - Terence
Aim: Terence, wielding a +0 mace and wearing a +0 ring mail (asleep, 98% to hit)
You throw a stone. The stone hits Terence.
Throw: 57 stones
Press: ? - help, Shift-Dir - straight line, f/p - Terence
Aim: Terence, wielding a +0 mace and wearing a +0 ring mail (lightly wounded, 60% to hit)
You throw a stone. The stone barely misses Terence.
Throw: 56 stones
Press: ? - help, Shift-Dir - straight line, f/p - Terence
Aim: Terence, wielding a +0 mace and wearing a +0 ring mail (lightly wounded, 60% to hit)
You throw a stone.
The stone hits Terence but does no damage.
Okay, then.
Throw: 55 stones
Press: ? - help, Shift-Dir - straight line, f/p - Terence
Aim: Terence, wielding a +0 mace and wearing a +0 ring mail (lightly wounded, 60% to hit)
You throw a stone.
The stone hits Terence but does no damage.
Throw: 54 stones
Press: ? - help, Shift-Dir - straight line, f/p - Terence
Aim: Terence, wielding a +0 mace and wearing a +0 ring mail (lightly wounded, 60% to hit)
You throw a stone. The stone barely misses Terence.
You hit Terence. Your grab misses Terence.
You squeeze Terence, but do no damage. Terence closely misses you.
You hit Terence but do no damage. Your grab misses Terence.
Terence hits you with a +0 mace! 😮 HP[-8]
You take 8 damage, and now have 18/26 hp.
MASSIVE DAMAGE!! (PAUSE)
You closely miss Terence. Your grab misses Terence.
Terence barely misses you. 😮 HP[+1]
You hit Terence but do no damage. Your grab misses Terence.
You squeeze Terence! Terence hits you with a +0 mace!
* * * LOW HITPOINT WARNING * * *
😨 HP[-8]
You take 8 damage, and now have 11/26 hp.
MASSIVE DAMAGE!! (PAUSE)
You hit Terence. Your grab misses Terence. Your squeeze misses Terence.
Terence hits you with a +0 mace.
* * * LOW HITPOINT WARNING * * *
😨 HP[-4]
You take 4 damage, and now have 7/26 hp.
You closely miss Terence. You grab Terence. You squeeze Terence.
You constrict Terence. Terence hits you with a +0 mace!
You die...

Action                   || total
-------------------------++-------
Melee: Spear             ||    77
       Tentacles         ||    16
       Constrict         ||    11
Throw: Stone             ||     5
Invok: Depart the Abyss  ||     1
  Use: Scroll            ||     3
 Stab: Sleeping          ||     6
Armor: Skin              ||     6
Dodge: Dodged            ||    26

Levels and vault maps discovered:
D:1:      onia_arrival_handbag, layout_rooms, minmay_pentomino_x4
D:2:      layout_loops_ring, basic_altar, kennysheep_flooded_box, uniq_terence

Notes
Turn   | Place    | Note
-------+----------+-------------------------------------------
     0 | Abyss:1  | spiderkeys the Octopode Abyssal Knight began the quest for
                  | the Orb.
     0 | Abyss:1  | Reached XP level 1. HP: 16/16 MP: 2/2
     0 | Abyss:1  | magus.rc [v1.9.10]
    31 | Abyss:1  | Noticed a raiju
    48 | Abyss:1  | Noticed a chaos spawn
    90 | Abyss:3  | Noticed an efreet
    91 | Abyss:3  | Noticed a smoke demon
    92 | D:1      | You pass through the gate.
    92 | D:1      | Escaped the Abyss
   125 | D:1      | Reached * piety under Lugonu
   144 | D:1      | Reached XP level 2. HP: 21/21 MP: 3/3
   195 | D:1      | Reached XP level 3. HP: 13/26 MP: 4/4
   897 | D:2      | Noticed Terence
   908 | D:2      | Slain by Terence

Vanquished Creatures
  4 dart slugs (D:1)
  6 ball pythons (D:1)
  4 bats
  5 endoplasms (D:1)
  3 giant cockroaches (D:1)
  2 goblins (D:1)
  3 hobgoblins (D:1)
  4 kobolds (D:1)
  A quokka (D:1)
  3 frilled lizards (D:1)
  3 rats (D:1)
38 creatures vanquished.

Table legend:
 A = Non-vault XP
 B = Vault XP
 C = Vault XP percentage of total XP
 D = Non-vault monster count
 E = Vault monster count
 F = Vault count percentage of total count
                 A         B        C        D         E       F
            +---------+---------+-------+---------+---------+-------
      Total |      57 |      14 |  19.7 |      30 |       8 |  21.1
            +---------+---------+-------+---------+---------+-------
        D:1 |      56 |      14 |  20.0 |      29 |       8 |  21.6
        D:2 |       1 |       0 |   0.0 |       1 |       0 |   0.0
            +---------+---------+-------+---------+---------+-------

Illustrated notes

Table legend:
 A = Kills in this place as a percentage of kills in entire the game.
 B = Kills by you in this place as a percentage of kills by you in the entire game.
 C = Kills by friends in this place as a percentage of kills by friends in the entire game.
 D = Other kills in this place as a percentage of other kills in the entire game.
 E = Experience gained in this place as a percentage of experience gained in the entire game.
 F = Experience gained in this place divided by the number of levels of this place that you have seen.
                   A       B       C       D       E      F
               +-------+-------+-------+-------+-------+----------------------
         Total | 100.0 | 100.0 |   N/A |   N/A | 100.0 |  14.2
       Dungeon | 100.0 | 100.0 |   N/A |   N/A | 100.0 |  35.5
               +-------+-------+-------+-------+-------+----------------------

Table legend: (Time is in decaauts)
 A = Elapsed time spent in this place.
 B = Non-inter-level travel time spent in this place.
 C = Inter-level travel time spent in this place.
 D = Time resting spent in this place.
 E = Time spent auto-exploring this place.
 F = Levels seen in this place.
 G = Mean time per level.
                   A        B        C        D        E       F      G
               +--------+--------+--------+--------+--------+-----+--------+
         Total |    905 |    894 |     11 |      0 |    650 |   5 |  181.0 |
       Dungeon |    814 |    803 |     11 |      0 |    628 |   2 |  407.0 |
         Abyss |     91 |     91 |      0 |      0 |     22 |   3 |   30.3 |
               +--------+--------+--------+--------+--------+-----+--------+

Top non-repeatable levels by time:
     D:1: 727 daAuts
     D:2: 86 daAuts
 Abyss:1: 57 daAuts
 Abyss:2: 29 daAuts
 Abyss:3: 4 daAuts
